 Dungeon Crawl Stone Soup version 0.28.0-45-g0d030f2227 (webtiles) character file.

Game seed: 14166582884640289898

45 zeratav the Insei (level 3, 0/34 HPs)
             Began as an Octopode Transmuter on Apr 7, 2022.
             Succumbed to an orc's poison
             ... on level 3 of the Dungeon.
             The game lasted 00:02:54 (1756 turns).

zeratav the Insei (Octopode Transmuter)             Turns: 1756, Time: 00:02:54

Health: 0/34       AC: 21    Str: 14 (15) XL:     3   Next: 64%
Magic:  6/6        EV:  2    Int: 12 (15) God:
Gold:   30         SH:  0    Dex: 11 (14) Spells: 5/6 levels left

rFire   . . .      SeeInvis .     - Unarmed
rCold   . . .      Faith    .   (no shield)
rNeg    . . .      Spirit   .   (helmet currently unavailable)
rPois   +          Reflect  .   (no amulet)
rElec   .          Harm     .   f - +6 ring of strength
rCorr   .          Rampage  .   (no ring)
Will    .....      NoTele   +   (no ring)
Stlth   ++........              (no ring)
HPRegen 0.11/turn               (no ring)
MPRegen 0.10/turn               (no ring)
                                (no ring)
                                (no ring)

@: lethally poisoned (0 -> -6), tree-form
A: stationary, stasis, torment immunity, boosted hp, almost no armour,
(amphibious), 8 rings, (camouflage 1), (gelatinous body 1), (nimble swimmer 1),
(tentacles)
a: no special abilities


You were on level 3 of the Dungeon.
You were a tree.
You visited 1 branch of the dungeon, and saw 3 of its levels.

You collected 30 gold pieces.


Innate Abilities, Weirdness & Mutations

You are a tree.
Your roots penetrate the ground, keeping you stationary.
You cannot be teleported.
You are immune to unholy pain and torment.
Your maximum health is greatly increased.
You cannot wear most types of armour.
((You are amphibious.))
You can wear up to eight rings at the same time.
((Your skin changes colour to match your surroundings (Stealth+).))
((Your rubbery body absorbs attacks. (AC +1, EV +1)))
((You are camouflaged when in or above water. (Stealth+)))
((You have tentacles for arms and can constrict up to eight enemies at once.))


   Skills:
 + Level 1.6 Fighting
 + Level 2.4 Dodging
 + Level 1.5 Stealth
 * Level 3.5 Unarmed Combat
 - Level 2.0 Spellcasting
 + Level 2.3 Transmutations


You had 5 spell levels left.
You knew the following spells:

 Your Spells              Type           Power      Damage    Failure   Level
a - Beastly Appendage     Tmut           12%        N/A       11%         1

Your spell library contained the following spells:

 Spells                   Type           Power      Damage    Failure   Level
 Wereblood                Tmut           6%         N/A       16%         2
 Slow                     Hex            4%         N/A       26%         1
 Spider Form              Tmut/Pois      3%         N/A       45%         3
 Confusing Touch          Hex            1%         N/A       63%         3
 Vampiric Draining        Necr           1%         2d6       63%         3
 Ice Form                 Ice/Tmut       3%         N/A       86%         4

Inventory:

Missiles
 h - 3 javelins {throwing}
Jewellery
 f - a +6 ring of strength (left branch)
   (You found it on level 2 of the Dungeon)
Scrolls
 a - a scroll of magic mapping {unknown}
 b - a scroll of identify {unknown}
 d - a scroll of teleportation {unknown}
 e - a scroll of fog {unknown}
 g - a scroll of vulnerability {unknown}

Dungeon Overview and Level Annotations

Branches:
Dungeon (3/15)

Altars:

Annotations:
D:2 Sigmund

#...o..≈...
#..#.##...# #o##.#
#.. ##o##.# .. #
#...#.#
###.#...#.######
..................
#####.#...########
#.#...♣# #
#...Z....J#
###.#####.# ..#
#.## #. #. ..


You could see 2 orcs, an endoplasm (asleep) and a wyvern skeleton.


Message History

You tentacle-slap the worm. You grab the worm.
You pierce the worm, but do no damage.
You constrict the worm. The worm bites you!
* * * LOW HITPOINT WARNING * * *
HP[-9]
You take 9 damage, and now have 8/23 hp.
MASSIVE DAMAGE!! (PAUSE)
You tentacle-slap the worm but do no damage.
You constrict the worm.
You tentacle-slap the worm. x2; You constrict the worm.
The worm barely misses you.
You tentacle-slap the worm.
You kill the worm!
You see here a worm corpse.
You start resting.
Your tentacle spike disappears.
You start resting.
An orc comes into view.
It is wielding a +0 mace and quivering poisoned darts.
An orc comes into view. It is wielding a +0 hand axe.
HP[+13]
You regained 13 hp, and now have 21/23 hp.
You now have 30 gold pieces (gained 8).
HP[+1] One of your tentacles grows a vicious spike.
The orc shouts!
You hear a shout! x2
An orc comes into view. It is wielding a +0 hand axe.
You hear a shout!
MP[-1]
You lost 1 mp, and now have 5/6 mp.
You see here a worm corpse.
You barely miss the orc.
The orc shouts!
You grab the orc. You squeeze the orc.
You constrict the orc, but do no damage.
The orc closely misses you.
You tentacle-slap the orc but do no damage.
You pierce the orc, but do no damage.
You constrict the orc, but do no damage.
The orc misses you.
An orc priest comes into view. It is wielding a +0 mace.
You tentacle-slap the orc but do no damage.
You squeeze the orc, but do no damage.
You constrict the orc, but do no damage.
The orc hits you with a +0 hand axe.
HP[-3]
You take 3 damage, and now have 19/23 hp.
You tentacle-slap the orc but do no damage.
You squeeze the orc.
You constrict the orc, but do no damage.
The orc hits you with a +0 hand axe.
The orc priest looks encouraged for a moment.
HP[-6]
You take 6 damage, and now have 13/23 hp.
MASSIVE DAMAGE!! (PAUSE)
You tentacle-slap the orc but do no damage.
You pierce the orc.
You kill the orc!
The orc priest invokes the aid of Beogh against you.
Beogh smites you!
* * * LOW HITPOINT WARNING * * *
You hear a shout!
HP[-11]
You take 11 damage, and now have 2/23 hp.
MASSIVE DAMAGE!! (PAUSE) MP[+1]
Your mp is fully restored (6).
Your transformation is almost over.
The orc throws a poisoned dart.
The poisoned dart closely misses you.
A wyvern skeleton and an endoplasm come into view.
The orc throws a poisoned dart.
The poisoned dart barely misses you.
HP[+1] It was a potion of lignification.
Your tentacle spike disappears.
You turn into a tree.
Your roots penetrate the ground.
The orc throws a poisoned dart.
The poisoned dart hits you!
HP[+1]
You now have 34 max hp (+11).
It was a potion of degeneration.
There was something very wrong with that liquid.
You feel weakened.
You feel dopey.
You feel clumsy.
The orc throws a poisoned dart.
The poisoned dart hits you!
The orc throws a poisoned dart.
The poisoned dart hits you!
The orc throws a poisoned dart.
The poisoned dart hits you!
You are lethally poisoned!
You smack the wyvern skeleton!
* * * LOW HITPOINT WARNING * * *
You feel sick.
The wyvern skeleton bites you but does no damage.
The orc throws a poisoned dart.
The poisoned dart hits you!
The wyvern skeleton bites you but does no damage.
HP[-1]
You take 1 damage, and now have 3/34 hp.
You hit the wyvern skeleton.
* * * LOW HITPOINT WARNING * * *
You feel sick.
The orc throws a poisoned dart.
The poisoned dart hits you! The wyvern skeleton barely misses you.
HP[-2]
You take 2 damage, and now have 1/34 hp.
You smack the wyvern skeleton!
You die...

Skill      XL: |  1  2 |
---------------+-------+-----
Stealth        | 1 |  1.5
Fighting       | |  1.6
Dodging        | |  2.4
Unarmed Combat | |  3.5
Spellcasting   | |  2.0
Transmutations | |  2.3

Action                   || total
-------------------------++-------
Melee: Unarmed           ||    55
       Kick              ||    13
       Constrict         ||    14
       Tentacles         ||     8
       Punch             ||     2
 Cast: Beastly Appendage ||    18
  Use: Potion            ||     2
 Stab: Sleeping          ||     3
       Distracted        ||     1
Armor: Skin              ||     5
Dodge: Dodged            ||    30

Levels and vault maps discovered:
D:1:      saegor_arrival_simple_a, layout_loops_ring,
          dreamdust_ecumenical_altar_angels_and_demons
D:2:      layout_rooms, uniq_sigmund
D:3:      layout_rooms, chequers_serial_rivers_small_b, due_unseen_surprise,
          uniq_crazy_yiuf_cottage

Notes
Turn   | Place    | Note
-------+----------+-------------------------------------------
     0 | D:1      | zeratav the Octopode Transmuter began the quest for the
                  | Orb.
     0 | D:1      | Reached XP level 1. HP: 13/13 MP: 3/3
     0 | D:1      | magus.rc [v1.9.6]
   367 | D:1      | Reached XP level 2. HP: 14/18 MP: 3/5
   686 | D:1      | Found a faded altar of an unknown god.
  1333 | D:2      | You pick up a book of Debilitation and begin reading...
  1333 | D:2      | You add the spells Slow, Vampiric Draining and Confusing
                  | Touch to your library.
  1342 | D:2      | Reached skill level 1 in Stealth
  1418 | D:2      | Reached XP level 3. HP: 23/23 MP: 6/6
  1482 | D:2      | Noticed Sigmund
  1744 | D:3      | HP: 2/23 [orc priest/divine providence (11)]
  1754 | D:3      | HP: 3/34 [poisoned by an orc]
  1755 | D:3      | HP: 1/34 [poisoned by an orc]
  1756 | D:3      | Succumbed to an orc's poison

Vanquished Creatures
  2 adders (D:2)
  A worm (D:3)
  An orc (D:3)
  An endoplasm (D:1)
  A giant cockroach (D:1)
  3 goblins
  4 hobgoblins
  3 ball pythons (D:1)
  2 bats
  2 frilled lizards (D:1)
  2 kobolds
  2 rats (D:2)
24 creatures vanquished.

Table legend:
 A = Non-vault XP
 B = Vault XP
 C = Vault XP percentage of total XP
 D = Non-vault monster count
 E = Vault monster count
 F = Vault count percentage of total count
                 A         B        C        D         E       F
            +---------+---------+-------+---------+---------+-------
      Total |      65 |       0 |   0.0 |      24 |       0 |   0.0
            +---------+---------+-------+---------+---------+-------
        D:1 |      20 |       0 |   0.0 |      13 |       0 |   0.0
        D:2 |      35 |       0 |   0.0 |       8 |       0 |   0.0
        D:3 |      10 |       0 |   0.0 |       3 |       0 |   0.0
            +---------+---------+-------+---------+---------+-------

Illustrated notes

Table legend:
 A = Kills in this place as a percentage of kills in entire the game.
 B = Kills by you in this place as a percentage of kills by you in the entire game.
 C = Kills by friends in this place as a percentage of kills by friends in the entire game.
 D = Other kills in this place as a percentage of other kills in the entire game.
 E = Experience gained in this place as a percentage of experience gained in the entire game.
 F = Experience gained in this place divided by the number of levels of this place that you have seen.
                   A       B       C       D       E      F
               +-------+-------+-------+-------+-------+----------------------
         Total | 100.0 | 100.0 |   N/A |   N/A | 100.0 |  21.7
       Dungeon | 100.0 | 100.0 |   N/A |   N/A | 100.0 |  21.7
               +-------+-------+-------+-------+-------+----------------------

Table legend: (Time is in decaauts)
 A = Elapsed time spent in this place.
 B = Non-inter-level travel time spent in this place.
 C = Inter-level travel time spent in this place.
 D = Time resting spent in this place.
 E = Time spent auto-exploring this place.
 F = Levels seen in this place.
 G = Mean time per level.
                   A        B        C        D        E       F      G
               +--------+--------+--------+--------+--------+-----+--------+
         Total |   1752 |   1693 |     59 |    357 |   1072 |   3 |  584.0 |
       Dungeon |   1752 |   1693 |     59 |    357 |   1072 |   3 |  584.0 |
               +--------+--------+--------+--------+--------+-----+--------+

Top non-repeatable levels by time:
     D:1: 1302 daAuts
     D:3: 251 daAuts
     D:2: 198 daAuts
